 Dungeon Crawl Stone Soup version 0.28.0-45-g0d030f2227 (webtiles) character file.

Game seed: 9224581299173843900

4477 Labrat the Destroyer (level 9, -4/73 (74) HPs)
             Began as a Demigod Conjurer on Apr 9, 2022.
             Shot with a sling bullet by Joseph (23 damage)
             ... on level 8 of the Dungeon.
             The game lasted 00:30:13 (13814 turns).

Labrat the Destroyer (Demigod Conjurer)            Turns: 13814, Time: 00:30:13

HP:   -4/73 (74)    AC:  4    Str:  8    XL:     9   Next: 94%
MP:   24/24         EV: 12    Int: 32    God:
Gold: 317           SH:  0    Dex: 12    Spells: 16/23 levels left

rFire   . . .      SeeInvis .   I - +5 scimitar
rCold   . . .      Faith    .   (no shield)
rNeg    . . .      Spirit   .   m - +1 leather armour of Fuzoh {+Inv rPois Will+ rCorr}
rPois   +          Reflect  .   (no helmet)
rElec   .          Harm     .   (no cloak)
rCorr   +          Rampage  .   (no gloves)
Will    +....                   (no boots)
Stlth   ++........              (no amulet)
HPRegen 0.22/turn               (no ring)
MPRegen 0.19/turn               (no ring)

@: lightly drained
A: high MP 1, forlorn, divine attributes
a: Evoke Invisibility


You were on level 8 of the Dungeon.
You visited 1 branch of the dungeon, and saw 8 of its levels.
You also visited: Sewer.

You collected 471 gold pieces.
You spent 154 gold pieces at shops.

Inventory:

Hand Weapons
 I - a +5 scimitar (weapon)
Missiles
 k - 4 javelins
 q - 25 poisoned darts
 H - 2 datura-tipped darts
Armour
 m - the +1 leather armour of Fuzoh (worn) {+Inv rPois Will+ rCorr}
   (You found it on level 4 of the Dungeon)

   rPois:     It protects you from poison.
   +Inv:      It lets you turn invisible.
   rCorr:     It protects you from acid and corrosion.
   Will:      It increases your willpower.
Jewellery
 f - a ring of flight
 h - a ring of see invisible
Wands
 n - a wand of acid (12)
 E - a wand of charming (7)
 F - a wand of iceblast (10)
Scrolls
 a - a scroll of amnesia {unknown}
 c - 3 scrolls of blinking
 d - a scroll of vulnerability {unknown}
 e - 5 scrolls of enchant armour
 g - a scroll of noise {unknown}
 j - 3 scrolls of magic mapping
 l - 2 scrolls of brand weapon
 p - 2 scrolls of teleportation {unknown}
 v - 3 scrolls of fear
 x - a scroll of acquirement {unknown}
 y - a scroll of immolation {unknown}
 A - a scroll of fog {unknown}
 C - a scroll of enchant weapon {unknown}
 D - a scroll of silence {unknown}
 K - 2 scrolls of identify
Potions
 b - 2 potions of lignification
 i - 3 potions of mutation
 o - a potion of brilliance
 r - 2 potions of heal wounds {unknown}
 s - 2 potions of magic
 t - a potion of haste {unknown}
 u - a potion of might {unknown}
 w - a potion of flight {unknown}
 z - a potion of attraction {unknown}
 B - 3 potions of curing {unknown}
 G - a potion of berserk rage {unknown}
 J - a potion of degeneration {unknown}


   Skills:
 - Level 5.0 Fighting
 - Level 5.0 Armour
 - Level 3.0 Dodging
 - Level 1.7 Stealth
 + Level 7.6 Spellcasting
 - Level 8.0 Conjurations
 - Level 3.0 Translocations


You had 16 spell levels left.
You knew the following spells:

 Your Spells              Type           Power      Damage    Failure   Level
a - Magic Dart            Conj           100%       1d8       1%          1
b - Searing Ray           Conj           100%       2d8       1%          2
c - Iskenderun's Mystic   Conj/Tloc      47%        2d10      5%          4

Your spell library contained the following spells:

 Spells                   Type           Power      Damage    Failure   Level
 Shock                    Conj/Air       100%       1d9       1%          1
 Dazzling Flash           Conj/Hex       74%        N/A       3%          3
 Slow                     Hex            48%        N/A       5%          1
 Corpse Rot               Necr/Air       24%        N/A       8%          2
 Ensorcelled Hibernation  Hex/Ice        24%        N/A       8%          2
 Passwall                 Tmut/Erth      10%        N/A       8%          2
 Poisonous Vapours        Pois/Air       24%        N/A       8%          2
 Sublimation of Blood     Necr           12%        N/A       8%          2
 Wereblood                Tmut           12%        N/A       8%          2
 Fulminant Prism          Conj/Hex       18%        3d11      10%         4
 Confusing Touch          Hex            12%        N/A       16%         3
 Swiftness                Air            12%        N/A       16%         3
 Vampiric Draining        Necr           12%        2d6       16%         3
 Airstrike                Air            6%         N/A       45%         4
 Summon Hydra             Summ           6%         N/A       100%        7
 Borgnjor's Revivificati  Necr           6%         N/A       100%        8
 Necromutation            Tmut/Necr      6%         N/A       100%        8
 Death's Door             Necr           6%         N/A       100%        9


Dungeon Overview and Level Annotations

Branches:
Dungeon (8/15)             Temple (0/1) D:7           Sewer (visited)
   Lair: D:8-11

Shops:
D:3 ?

Annotations:
D:8 Joseph


Innate Abilities, Weirdness & Mutations

You have an increased reservoir of magic. (+10% MP)
You shall have no god before yourself.
Your divine heritage dramatically boosts your attributes as you level up.


Message History

Throw: 26 darts (poison)
Press: ? - help, Shift-Dir - straight line, f/p - Joseph
Aim: Joseph, wielding a +0 hunting sling, wearing a +0 leather armour and quivering sling bullets (very poisoned, 59% to hit)
You throw a poisoned dart. The poisoned dart hits Joseph.
Joseph looks even sicker.
Joseph shoots a sling bullet.
The sling bullet hits you!
Throw: 25 darts (poison)
Press: ? - help, Shift-Dir - straight line, f/p - Joseph
Aim: Joseph, wielding a +0 hunting sling, wearing a +0 leather armour and quivering sling bullets (lightly wounded, very poisoned, 59% to hit)
You throw a poisoned dart. The poisoned dart barely misses Joseph.
Joseph shoots a sling bullet.
The sling bullet hits you!!
* * * LOW HITPOINT WARNING * * *
Joseph shoots a sling bullet.
The sling bullet hits you!
* * * LOW HITPOINT WARNING * * *
You climb upwards.
There is a stone staircase leading down here.
Things that are here:
a +0 robe; a +0 halberd
Things that are here:
a +0 short sword of holy wrath; a +0 robe; a +1 whip of electrocution
There is a stone staircase leading down here.
You start resting.
HP restored.
You climb downwards.
Level annotation: Joseph
There is a stone staircase leading up, spattered with blood here.
Joseph shoots a sling bullet.
The sling bullet hits you!
You see here a poisoned dart.
q - 25 poisoned darts (gained 1) Joseph shoots a sling bullet.
The sling bullet hits you!
Joseph shoots a sling bullet.
The sling bullet barely misses you.
Joseph shoots a sling bullet.
The sling bullet barely misses you.
There is a stone staircase leading up, spattered with blood here.
You start resting.
Joseph is nearby!
Joseph shoots a sling bullet.
The sling bullet hits you!
Joseph shoots a sling bullet.
The sling bullet hits you!!
* * * LOW HITPOINT WARNING * * *
Joseph shoots a sling bullet.
The sling bullet hits you!!
You die...

#..........# #.........
#..........# #.........
#..........# #.@.......
#..........#######(........ ..#
#........).##....(.........
..######........###......#......#
......[..............@..........#
..#####.<........................
..# #.........@.......)###.....
..# ###.................## #.....
..###............##...#..####.###
.<#...#..........###..##...##.#.)
#...####........###.....>#......#
##..# ##......## #......#..)...#
#D.### ###..######......###..#..
##....#####......##.......##..#.#
..........................##.....


You could see Joseph.

Vanquished Creatures
  Maggie (D:6)
  A hornet (D:8)
  5 yaks
  2 wyverns
  Menkaure (D:7)
  4 water moccasins
  2 orc warriors (D:7)
  2 sky beasts (D:5)
  An ice beast (D:6)
  An ogre (D:5)
  3 necrophages
  A hornet zombie (D:4)
  2 bullfrogs
  A kobold brigand (D:5)
  8 wights
  3 bullfrog zombies
  A centaur zombie (D:8)
  An orc priest (D:7)
  3 hounds
  A centaur skeleton (D:7)
  6 iguanas
  6 orc wizards
  3 killer bee zombies
  A hound skeleton (D:5)
  A howler monkey zombie (D:8)
  8 gnolls
  2 howler monkey skeletons
  7 adders
  8 river rats (Sewer)
  A white imp (D:7)
  2 ufetubi
  An adder skeleton (D:4)
  A worm (D:2)
  18 orcs
  10 ball pythons
  6 bats
  6 endoplasms
  5 giant cockroaches
  3 goblins
  4 hobgoblins
  11 jackals
  5 quokkas
  4 frilled lizards
  26 kobolds
  28 rats
217 creatures vanquished.

Vanquished Creatures (others)
  2 fungi (D:1)
  A plant (D:1)
3 creatures vanquished.

Grand Total: 220 creatures vanquished

Notes
Turn   | Place    | Note
-------+----------+-------------------------------------------
     0 | D:1      | Labrat the Demigod Conjurer began the quest for the Orb.
     0 | D:1      | Reached XP level 1. HP: 14/14 MP: 5/5
   318 | D:1      | Reached XP level 2. HP: 20/20 MP: 4/7
   322 | D:1      | Learned a level 2 spell: Searing Ray
   588 | D:1      | Reached skill level 4 in Conjurations
  1267 | D:1      | Reached XP level 3. HP: 26/26 MP: 7/9
  2409 | D:3      | Found Nalota's Magic Scroll Boutique.
  2458 | D:3      | Reached XP level 4. HP: 8/33 MP: 1/11
  2644 | D:3      | Found a glowing drain.
  2712 | Sewer    | Entered a sewer
  3167 | Sewer    | Reached XP level 5. HP: 38/38 MP: 11/13
  3265 | Sewer    | Reached skill level 5 in Conjurations
  4571 | D:4      | Identified the +1 leather armour of Fuzoh {+Inv rPois Will+
                  | rCorr}
  5030 | D:4      | Noticed a water moccasin
  5037 | D:4      | Killed a water moccasin
  5038 | D:4      | Reached skill level 5 in Spellcasting
  5038 | D:4      | Reached XP level 6. HP: 18/46 MP: 7/16
  5542 | D:4      | Reached skill level 1 in Fighting
  6419 | D:5      | Entered Level 5 of the Dungeon
  6482 | D:5      | Reached XP level 7. HP: 57/57 MP: 8/17
  6916 | D:5      | Learned a level 4 spell: Iskenderun's Mystic Blast
  7111 | D:5      | Reached skill level 5 in Fighting
  7111 | D:5      | Reached skill level 1 in Armour
  7977 | D:5      | Reached XP level 8. HP: 68/68 MP: 13/19
  8276 | D:3      | Bought a scroll of blinking for 105 gold pieces
  8276 | D:3      | Bought a scroll of magic mapping for 49 gold pieces
  8461 | D:6      | Reached skill level 5 in Armour
  8901 | D:6      | Noticed Maggie
  8921 | D:6      | Killed Maggie
  8922 | D:6      | Reached skill level 1 in Translocations
 10280 | D:7      | Reached XP level 9. HP: 74/74 MP: 16/21
 10294 | D:7      | Reached skill level 6 in Conjurations
 10710 | D:7      | Noticed Menkaure
 10748 | D:7      | Killed Menkaure
 11089 | D:7      | Found a staircase to the Ecumenical Temple.
 11572 | D:7      | Reached skill level 7 in Conjurations
 11727 | D:8      | Noticed Joseph
 12573 | D:8      | Noticed a four-headed hydra
 13029 | D:8      | Reached skill level 8 in Conjurations
 13814 | D:8      | Shot with a sling bullet by Joseph

Illustrated notes

Levels and vault maps discovered:
D:1:      minmay_arrival_jagged, layout_basic,
          shapermc_ecumenical_altar_mp_urbaneastern
D:2:      layout_loops_ring, grunt_ministairs_7
D:3:      layout_loops_ring, portal_sewer_entry_b, serial_shops, shop_statue
D:4:      layout_loops_corners, overflow_temple_1_default,
          kennysheep_little_box, kennysheep_diamond
D:5:      layout_basic
D:6:      layout_cave_pools, mainiacjoe_overflow_paths,
          mainiacjoe_overflow_six_doors_small, mainiacjoe_overflow_catwalk,
          chequers_serial_rivers_small_3, uniq_maggie
D:7:      layout_layer_cave, mainiacjoe_overflow_brackets,
          mainiacjoe_overflow_small_starburst, temple_pool_b, uniq_menkaure
D:8:      minmay_distorted_concentric_squares, layout_rooms, ashenzari_altar_1,
          uniq_joseph

Skill      XL: |  1  2  3  4  5  6  7  8  9 |
---------------+----------------------------+-----
Spellcasting   | 2 3 5 7 |  7.6
Conjurations   | 4 5 8 |  8.0
Fighting       | 3 5 |  5.0
Armour         | 4 5 |  5.0
Dodging        | 3 |  3.0
Translocations | 2 3 |  3.0
Stealth        | |  1.7

Action                   |  1- 3 |  4- 6 |  7- 9 || total
-------------------------+-------+-------+-------++-------
Melee: Short sword       |     7 |       |       ||     7
       Whip              |       |       |     8 ||     8
       Scimitar          |       |       |     9 ||     9
Throw: Dart              |       |       |     7 ||     7
 Cast: Magic Dart        |    74 |   114 |   108 ||   296
       Searing Ray       |     7 |    22 |    59 ||    88
       Iskenderun's Myst |       |       |    21 ||    21
Evoke: Wand              |       |     1 |     2 ||     3
  Use: Potion            |       |     1 |       ||     1
       Scroll            |       |       |     7 ||     7
Armor: Robe              |     6 |     1 |       ||     7
       Leather armour    |       |       |     9 ||     9
Dodge: Dodged            |    17 |    17 |    65 ||    99
